 Dungeon Crawl Stone Soup version 0.16-a0-922-gae79c9c (webtiles) character file.

42 JacquesDerrida the Insei (level 3, -1/26 HPs)
             Began as a Demonspawn Transmuter on Sept 30, 2014.
             Slain by a giant gecko (2 damage)
             ... on Level 1 of the Dungeon.
             The game lasted 00:02:00 (849 turns).

JacquesDerrida the Insei (Demonspawn Transmuter)     Turns: 849, Time: 00:02:01

HP  -1/26        AC  3     Str 10      XL: 3   Next: 35%
MP   5/6         EV 12     Int 14      God:
Gold 38          SH  0     Dex 14      Spells:  1 memorised,  5 levels left

rFire  + . .     SeeInvis .       - Unarmed
rCold  . . .     Clarity  .     c - +0 robe
rNeg   . . .     rCorr    .     (no shield)
rPois  .         rRot     .     (no helmet)
rElec  .         Spirit   .     (no cloak)
SustAb .         Warding  .     (no gloves)
rMut   .         Stasis   .     (boots unavailable)
Gourm  .                        (no amulet)
MR     .....                    (no ring)
                                (no ring)

@: appendage (expiring), not resistant to hostile enchantments, very unstealthy
A: talons 3, molten scales 1, fire resistance 1
a: End Transformation


You were on level 1 of the Dungeon.
You were not hungry.
You had grown temporary talons.
You visited 1 branch of the dungeon, and saw 1 of its levels.

You collected 38 gold pieces.

Inventory:

Missiles
 b - 40 arrows
Armour
 c - a +0 robe (worn)
Comestibles
 a - a bread ration
 f - 2 slices of pizza
 i - a meat ration
Scrolls
 e - 2 scrolls of remove curse {unknown}
 g - a scroll of identify {unknown}
Potions
 h - a potion of mutation {unknown}
Books
 d - a book of Changes

   Spells                             Type                      Level
   *Beastly Appendage                 Transmutation                1
   Sticks to Snakes                   Transmutation                2
   Spider Form                        Transmutation/Poison         3
   Ice Form                           Ice/Transmutation            4
   Blade Hands                        Transmutation                5


   Skills:
 - Level 1.0 Fighting
 - Level 1.7 Dodging
 + Level 4.0 Unarmed Combat
 - Level 2.0 Spellcasting
 - Level 1.7 Transmutations


You had 5 spell levels left.
You knew the following spells:

 Your Spells              Type           Power        Failure   Level  Hunger
a - Beastly Appendage     Trmt           #.....       14%         1    ##.....


Dungeon Overview and Level Annotations

Branches:
Dungeon (1/15)

Altars:


Innate Abilities, Weirdness & Mutations

You are partially covered in molten scales (AC +1).
Your flesh is heat resistant.
You have claws for feet.


Message History

You are too injured to fight recklessly!
You are too injured to fight recklessly!
You are too injured to fight recklessly!
You are too injured to fight recklessly!
You are too injured to fight recklessly!
You are too injured to fight recklessly!
You closely miss the giant gecko.
The giant gecko is heavily wounded.
The giant gecko bites you.
* * * LOW HITPOINT WARNING * * *
The giant gecko bites you.
* * * LOW HITPOINT WARNING * * *
You miss the giant gecko.
The giant gecko is heavily wounded.
The giant gecko misses you.
You miss the giant gecko.
The giant gecko is heavily wounded.
Your transformation is almost over.
The giant gecko bites you.
You die...

##### #.#########.
....# .............
+##.# # ....###.####
..#.# .......#.#.###
..#.# ..........#...
#.#.# ..###.##......
....# #####.....
##.##.# ....#
#.!$#..## #.##.#
'#### #.@.#..##
#..#.# ..#
#l%.#...#######.#.#
..#
#)###.##..#........#
<.#
#.#...#.#....####.###
..# #.##...##)##..##
#.# ###
#.#.$.....#(#...# #.#
#.##....#..##.##.#
#.# # ..#.###...#!#.#
#.# ##. ##.. ##.# #.#


You could see a giant gecko.

Vanquished Creatures
  A gnoll (D:1)
  2 giant geckos (D:1)
  A ball python (D:1)
  2 giant cockroaches (D:1)
  4 hobgoblins (D:1)
  2 jackals (D:1)
  7 kobolds (D:1)
  4 bats (D:1)
  A giant newt (D:1)
  5 rats (D:1)
29 creatures vanquished.

Notes
Turn   | Place    | Note
--------------------------------------------------------------
     0 | D:1      | JacquesDerrida, the Demonspawn Transmuter, began the quest for the Orb.
     0 | D:1      | Reached XP level 1. HP: 15/15 MP: 3/3
    85 | D:1      | Reached skill level 3 in Unarmed Combat
    85 | D:1      | Gained mutation: You are partially covered in molten scales (AC +1). [demonic ancestry]
    85 | D:1      | Reached XP level 2. HP: 8/21 MP: 2/4
   553 | D:1      | Gained mutation: Your flesh is heat resistant. [demonic ancestry]
   553 | D:1      | Reached XP level 3. HP: 21/26 MP: 4/6
   676 | D:1      | Reached skill level 4 in Unarmed Combat
   847 | D:1      | HP: 1/26 [giant gecko (3)]
   849 | D:1      | Slain by a giant gecko

Action                   || total
-------------------------++-------
Melee: Unarmed           ||   120
 Cast: Beastly Appendage ||    16
  Use: Potion            ||     1
